 Dungeon Crawl Stone Soup version 0.28.0-45-g0d030f2227 (webtiles) character file.

Game seed: 13030713261952796349

11119 Hylith the Fighter (level 11, -10/99 HPs)
             Began as a Demigod Ice Elementalist on May 18, 2022.
             Mangled by a five-headed hydra (12 damage)
             ... on level 1 of the Lair of Beasts on May 20, 2022.
             The game lasted 00:45:40 (18317 turns).

Hylith the Fighter (Demigod Ice Elementalist)      Turns: 18317, Time: 00:45:40

Health: -10/99     AC: 13    Str:  9    XL:     11   Next: 21%
Magic:  26/29      EV: 10    Int: 29    God:
Gold:   627        SH:  3    Dex: 14    Spells: 23/30 levels left

rFire   . . .      SeeInvis .   h - +4 dagger
rCold   . . .      Faith    .   y - +0 buckler
rNeg    + + .      Spirit   .   o - +3 ring mail {rN+}
rPois   +          Reflect  .   G - +0 helmet
rElec   .          Harm     .   P - scarf {+Inv}
rCorr   .          Rampage  .   (no gloves)
Will    +....                   u - +2 pair of boots
Stlth   +.........              e - amulet of magic regeneration
HPRegen 0.26/turn               m - ring of positive energy
MPRegen 0.61/turn               F - ring of poison resistance

@: freezing walls
A: high MP 1, forlorn, divine attributes
a: Evoke Invisibility


You were on level 1 of the Lair of Beasts.
You visited 2 branches of the dungeon, and saw 12 of its levels.

You collected 627 gold pieces.

Inventory:

Hand Weapons
 h - a +4 dagger (weapon)
 k - a +1 dagger of holy wrath
 r - the +7 hand axe of Infection {drain, *Slow +Blink Int+9 SInv}
   (You found it on level 4 of the Dungeon)

   A truly terrible weapon, it drains the life of any living foe it strikes.
   Int:       It affects your intelligence (+9).
   SInv:      It lets you see invisible.
   +Blink:    It lets you blink.
   *Slow:     It may slow you when you take damage.
 w - a +2 dagger of protection
 H - a +0 whip of flaming
Missiles
 D - 11 poisoned darts (quivered)
 O - 3 javelins
 T - a throwing net
Armour
 i - a +2 robe of resistance
 o - a +3 ring mail of positive energy (worn)
 u - a +2 pair of boots (worn)
 y - a +0 buckler (worn)
 B - a +0 leather armour of fire resistance
 G - a +0 helmet (worn)
 P - a scarf of invisibility (worn)
Jewellery
 e - an amulet of magic regeneration (around neck)
 m - a ring of positive energy (left hand)
 F - a ring of poison resistance (right hand)
Wands
 f - a wand of digging (3)
 n - a wand of polymorph (17)
 K - a wand of acid (9)
 M - a wand of iceblast (1)
 R - a wand of flame (5)
Scrolls
 a - a scroll of summoning {unknown}
 b - 4 scrolls of fog
 d - 5 scrolls of teleportation
 g - a scroll of silence {unknown}
 l - 3 scrolls of blinking
 s - 4 scrolls of magic mapping
 A - a scroll of identify
 E - a scroll of enchant weapon
 I - a scroll of immolation
 J - a scroll of enchant armour {unknown}
 N - a scroll of amnesia {unknown}
 Q - a scroll of fear
 S - a scroll of torment {unknown}
Potions
 c - 3 potions of might
 j - a potion of lignification
 p - 2 potions of curing
 q - 2 potions of invisibility
 t - 3 potions of mutation
 v - a potion of cancellation {unknown}
 x - a potion of flight {unknown}
 z - 2 potions of brilliance
 L - a potion of ambrosia {unknown}


   Skills:
 - Level 10.0 Fighting
 + Level 3.6 Armour
 - Level 2.0 Dodging
 - Level 2.0 Stealth
 - Level 10.0 Spellcasting
 - Level 8.0 Ice Magic
 - Level 2.0 Evocations


You had 23 spell levels left.
You knew the following spells:

 Your Spells              Type           Power      Damage    Failure   Level
a - Freeze                Ice            100%       1d11      1%          1
b - Frozen Ramparts       Ice            100%       1d12      1%          3
c - Ozocubu's Armour      Ice            57%        N/A       1%          3

Your spell library contained the following spells:

 Spells                   Type           Power      Damage    Failure   Level
 Beastly Appendage        Tmut           28%        N/A       14%         1
 Corpse Rot               Necr/Air       28%        N/A       21%         2
 Wereblood                Tmut           14%        N/A       21%         2
 Hailstorm                Conj/Ice       37%        3d9       26%         4
 Dispel Undead            Necr           14%        3d10      80%         4
 Death Channel            Necr           7%         N/A       100%        6
 Eringya's Noxious Bog    Tmut/Pois      7%         N/A       100%        6


Dungeon Overview and Level Annotations

Branches:
Dungeon (11/15)            Temple (0/1) D:7            Lair (1/6) D:8
    Orc (0/2) D:9

Annotations:
D:8 exclusion: electric eel
D:10 exclusions: catoblepas and electric eel


Innate Abilities, Weirdness & Mutations

You have an increased reservoir of magic. (+10% MP)
You shall have no god before yourself.
Your divine heritage dramatically boosts your attributes as you level up.


Message History

The five-headed hydra bites you!
You block the five-headed hydra's attack.
The five-headed hydra bites you.
The five-headed hydra closely misses you.
You hit the five-headed hydra but do no damage.
The five-headed hydra is severely wounded.
The wall freezes the five-headed hydra.
The five-headed hydra bites you.
The five-headed hydra barely misses you.
The five-headed hydra bites you.
The five-headed hydra bites you but does no damage. x2
You hit the five-headed hydra.
The five-headed hydra is severely wounded.
The wall freezes the five-headed hydra!
You block the five-headed hydra's attack.
The five-headed hydra bites you!
* * * LOW HITPOINT WARNING * * *
The five-headed hydra barely misses you. x2
The five-headed hydra bites you!
* * * LOW HITPOINT WARNING * * *
You feel much better.
The frozen ramparts melt away.
The five-headed hydra bites you but does no damage.
The five-headed hydra bites you. x2
The five-headed hydra bites you but does no damage.
The five-headed hydra closely misses you.
Casting: Frozen Ramparts (safe; 1% risk of failure)
Confirm with . or Enter, or press ? or * to list all spells.
Casting: Frozen Ramparts (safe; 1% risk of failure)
Press: ? - help, Dir - look around, f - activate The walls around you are covered in ice.
The wall freezes the five-headed hydra!
The five-headed hydra seems to slow down.
The five-headed hydra bites you!
* * * LOW HITPOINT WARNING * * *
The five-headed hydra bites you!
* * * LOW HITPOINT WARNING * * *
The five-headed hydra barely misses you.
The five-headed hydra bites you!
* * * LOW HITPOINT WARNING * * *
The five-headed hydra bites you!
You die...

#... #.. #...# .# ..##
####....## .##...# ###
###........## .##...# ##.##
........... .##...# #...#
#.........# .##...# #...#
#.....#.#.# .##..#
##...###.........# .....#
#.....@D((.......##
.....######....#............#
.....#..........#####.......#
...#.#........### ..###...P
.....^........# ...# ...
.........##...# ...#. ..
......##.##...# D... #
#....###..#.#.# .#...
#....###..######.####


You could see a five-headed hydra (slow).

Vanquished Creatures
  3 two-headed ogres
  3 centaur zombies
  A komodo dragon (D:10)
  A troll (D:10)
  A hornet (D:10)
  Grinder (D:5)
  3 blink frogs (Lair:1)
  14 yaks
  Grum (D:8)
  2 basilisks (Lair:1)
  Eustachio (D:5)
  3 water moccasins
  4 wargs (D:9)
  Duvessa (D:5)
  5 orc warriors
  A black bear (D:6)
  A necrophage (D:8)
  3 wolves
  4 centaurs
  A phantom (D:5)
  A kobold brigand (D:9)
  A gnoll sergeant (D:10)
  3 bullfrogs
  4 scorpions
  A water moccasin zombie (D:6)
  A wyvern skeleton (D:6)
  A water moccasin skeleton (D:5)
  Dowan (D:5)
  12 killer bees
  A howler monkey (D:6)
  12 wights
  4 hounds
  A jelly (D:6)
  Crazy Yiuf (D:3)
  2 bullfrog zombies
  7 orc priests
  2 bullfrog skeletons (D:5)
  3 iguanas
  11 orc wizards
  Terence (D:3)
  A killer bee zombie (D:8)
  3 howler monkey zombies
  A howler monkey skeleton (D:5)
  6 adders
  5 gnolls (D:10)
  A white imp (D:7)
  2 dart slugs
  22 orcs
  A ball python (D:3)
  5 bats
  3 endoplasms
  2 giant cockroaches (D:2)
  4 goblins
  4 hobgoblins
  6 kobolds
  2 quokkas (D:1)
  12 frilled lizards
  6 rats
210 creatures vanquished.

Vanquished Creatures (others)
  An orc wizard (D:7)
  2 fungi (D:3)
  7 plants
10 creatures vanquished.

Grand Total: 220 creatures vanquished

Notes
Turn   | Place    | Note
-------+----------+-------------------------------------------
     0 | D:1      | Hylith the Demigod Ice Elementalist began the quest for the
                  | Orb.
     0 | D:1      | Reached XP level 1. HP: 14/14 MP: 5/5
   963 | D:1      | Reached XP level 2. HP: 20/20 MP: 5/7
  3055 | D:2      | Reached XP level 3. HP: 18/26 MP: 7/9
  3857 | D:3      | Noticed Terence
  3875 | D:3      | Killed Terence
  3876 | D:3      | Reached XP level 4. HP: 22/33 MP: 8/11
  4545 | D:3      | Found a runed translucent door.
  4546 | D:3      | Noticed Crazy Yiuf
  4562 | D:3      | Killed Crazy Yiuf
  4994 | D:4      | Identified the +7 hand axe of Infection {drain, *Slow
                  | +Blink Int+9 SInv}
  5437 | D:4      | Noticed a black bear
  5500 | D:4      | Noticed a phantom
  5726 | D:5      | Entered Level 5 of the Dungeon
  5763 | D:5      | Reached XP level 5. HP: 33/38 MP: 14/14
  5815 | D:4      | Learned a level 3 spell: Frozen Ramparts
  5819 | D:4      | Learned a level 3 spell: Ozocubu's Armour
  5833 | D:5      | Noticed Eustachio
  5851 | D:5      | Killed Eustachio
  5852 | D:5      | Reached skill level 5 in Ice Magic
  5852 | D:5      | Reached XP level 6. HP: 17/45 MP: 12/15
  6747 | D:5      | Noticed Dowan
  6890 | D:5      | Noticed Duvessa
  6921 | D:5      | Killed Duvessa
  6922 | D:5      | Reached XP level 7. HP: 38/50 MP: 13/16
  6946 | D:5      | Killed Dowan
  6947 | D:5      | Reached skill level 1 in Fighting
  7154 | D:5      | Reached skill level 1 in Armour
  7319 | D:5      | Noticed Grinder
  7330 | D:5      | Paralysed by Grinder for 2 turns
  7335 | D:5      | Paralysed by Grinder for 2 turns
  7351 | D:5      | Paralysed by Grinder for 2 turns
  7357 | D:5      | Killed Grinder
  7536 | D:5      | Reached XP level 8. HP: 46/66 MP: 17/17
  8125 | D:6      | Reached skill level 5 in Spellcasting
  8410 | D:6      | Reached skill level 5 in Fighting
  9271 | D:6      | Reached XP level 9. HP: 69/75 MP: 21/21
 10981 | D:7      | Found a staircase to the Ecumenical Temple.
 11376 | D:8      | Noticed Grum
 12584 | D:7      | Reached skill level 1 in Evocations
 13086 | D:8      | Killed Grum
 13305 | D:8      | Found a staircase to the Lair.
 13526 | D:9      | Noticed a two-headed ogre
 13537 | D:9      | Reached XP level 10. HP: 66/86 MP: 26/26
 13550 | D:8      | Killed a two-headed ogre
 13997 | D:9      | Noticed a two-headed ogre
 14388 | D:9      | Found a staircase to the Orcish Mines.
 14548 | D:9      | Got the Catalogue of Moulding
 14975 | D:9      | Killed a two-headed ogre
 14976 | D:9      | Reached skill level 10 in Fighting
 15102 | D:10     | Entered Level 10 of the Dungeon
 15102 | D:10     | Noticed a two-headed ogre
 16267 | D:10     | Killed a two-headed ogre
 16672 | D:10     | Noticed a catoblepas
 16848 | D:10     | Reached XP level 11. HP: 71/96 MP: 28/28
 17771 | Lair:1   | Entered Level 1 of the Lair of Beasts
 17800 | Lair:1   | Noticed a five-headed hydra
 18112 | Lair:1   | Reached skill level 10 in Spellcasting
 18317 | Lair:1   | HP: 2/99 [five-headed hydra (9)]
 18317 | Lair:1   | Mangled by a five-headed hydra

Illustrated notes

Levels and vault maps discovered:
D:1:      dpeg_arrival_chambers_temple_mockup, layout_basic,
          chequers_ecumenical_altar_simple, minmay_misc_feat_x
D:2:      layout_loops_corners, serial_forest, infiniplex_forest_straight_2,
          infiniplex_forest_straight_2, infiniplex_forest_lined_3,
          infiniplex_forest_straight_4, infiniplex_forest_lined_room_2,
          infiniplex_forest_zigzag_1, infiniplex_forest_lined_corner,
          infiniplex_forest_pool, minmay_lizard_king
D:3:      layout_loops_ring, uniq_crazy_yiuf_cottage, uniq_terence
D:4:      layout_loops_ring, chequers_big_river
D:5:      minmay_inner_zag, layout_loops_ring, minmay_misc_feat_enclosed,
          hangedman_decor_slide_cut, uniq_duvessa, uniq_eustachio, uniq_grinder
D:6:      layout_basic, amcnicky_mini_pool_small
D:7:      layout_cave_pools, tso_altar, kennysheep_mini,
          minmay_temple_entry_trees
D:8:      layout_rooms, lemuel_tele_altar, lair_entry_dummy, fountainhead,
          kennysheep_generic_room_5, uniq_grum
D:9:      layout_loops_corners, minmay_orc_entry_guard_dogs
D:10:     layout_basic, mainiacjoe_overflow_divided_tiny,
          mainiacjoe_overflow_alcove_1
D:11:     layout_basic, ebering_ghost_reflecting_pool
Lair:1:   layout_misc_corridors, grunt_megastairs_5, lemuel_fruit_tree

Skill      XL: |  1  2  3  4  5  6  7  8  9 10 11 |
---------------+----------------------------------+-----
Stealth        | 2 |  2.0
Dodging        | 2 |  2.0
Spellcasting   | 2 3 4 6 8 9 10 | 10.0
Ice Magic      | 4 5 7 8 |  8.0
Fighting       | 4 6 7 10 | 10.0
Armour         | 3 |  3.6
Evocations     | 2 |  2.0

Action                   |  1- 3 |  4- 6 |  7- 9 | 10-12 || total
-------------------------+-------+-------+-------+-------++-------
Melee: Unarmed           |    39 |       |       |       ||    39
       Dagger            |    73 |    72 |   536 |   189 ||   870
       Punch             |     2 |     1 |       |       ||     3
Throw: Dart              |       |       |       |     6 ||     6
 Cast: Freeze            |    30 |     8 |     6 |     6 ||    50
       Frozen Ramparts   |       |    10 |    51 |    36 ||    97
       Ozocubu's Armour  |       |     1 |       |       ||     1
Evoke: Wand              |       |       |     2 |     9 ||    11
  Use: Potion            |       |     1 |     2 |     1 ||     4
       Scroll            |       |       |    11 |     5 ||    16
 Stab: Sleeping          |     5 |       |       |       ||     5
       Distracted        |       |     1 |       |       ||     1
Armor: Robe              |    23 |     3 |       |       ||    26
       Skin              |       |     5 |     7 |       ||    12
       Ring mail         |       |    25 |   323 |    98 ||   446
Dodge: Dodged            |    87 |    29 |   305 |   115 ||   536
Block: Buckler           |       |     2 |    91 |    38 ||   131
